 Dungeon Crawl Stone Soup version 0.21-a0-258-g4c0eb85 (webtiles) character file.

120 KarmaPolice the Skirmisher (level 4, -4/37 HPs)
             Began as a Demonspawn Abyssal Knight on Sept 7, 2017.
             Was a Believer of Lugonu.
             Slain by a worm (6 damage)
             ... on level 2 of the Dungeon.
             The game lasted 00:05:24 (2605 turns).

KarmaPolice the Skirmisher (DsAK)                   Turns: 2605, Time: 00:05:25

Health: -4/37      AC:  5    Str: 14    XL:     4   Next: 75%
Magic:  7/7        EV: 11    Int: 13    God:    Lugonu [**....]
Gold:   77         SH:  0    Dex: 12    Spells: 3/3 levels left

rFire    . . .     SeeInvis .   a - +1 hand axe
rCold    . . .     Gourm    .   (no shield)
rNeg     . . .     Faith    .   b - +0 leather armour
rPois    .         Spirit   .   (no helmet)
rElec    .         Reflect  .   (no cloak)
rCorr    .         Harm     .   (no gloves)
MR       .....                  (no boots)
Stlth    +.........             (no amulet)
HPRegen  0.12/turn              (no ring)
MPRegen  0.10/turn              (no ring)

@: no status effects
A: yellow scales 1, powered by pain 1
a: Depart the Abyss, Bend Space, Renounce Religion


You were on level 2 of the Dungeon.
You worshipped Lugonu.
Lugonu was pleased with you.
You were hungry.

You visited 1 branch of the dungeon, and saw 2 of its levels.
You visited the Abyss 1 time.

You collected 77 gold pieces.

Inventory:

Hand Weapons
 a - a +1 hand axe (weapon)
Armour
 b - a +0 leather armour (worn)
Scrolls
 h - a scroll of fog {unknown}
 i - a scroll of noise {unknown}
 j - a scroll of remove curse {unknown}
 k - a scroll of teleportation {unknown}
 l - a scroll of identify {unknown}
 m - a scroll of fear {unknown}
Potions
 d - a potion of curing {unknown}
 e - 2 potions of flight {unknown}
 g - 2 potions of berserk rage {unknown}
Comestibles
 c - 2 bread rations
 f - 2 meat rations


   Skills:
 + Level 4.2 Fighting
 + Level 2.8 Axes
 - Level 1.7 Armour
 - Level 0.8 Dodging
 + Level 4.1 Invocations


You had 3 spell levels left.
You didn't know any spells.

Dungeon Overview and Level Annotations

Branches:
Dungeon (2/15)

Altars:


Innate Abilities, Weirdness & Mutations

You are partially covered in yellow scales. (AC +2)
You sometimes gain a little power by taking damage.


Message History

The worm bites you.
You hit the worm.
The worm is severely wounded.
You hit the worm but do no damage.
The worm is severely wounded.
The worm bites you.
You completely miss the worm.
The worm is severely wounded.
The worm bites you!
* * * LOW HITPOINT WARNING * * *
You barely miss the worm.
The worm is severely wounded.
The worm bites you.
* * * LOW HITPOINT WARNING * * *
You hit the worm.
The worm is severely wounded.
You barely miss the worm.
The worm is severely wounded.
The worm bites you.
You die...

######### #.......#########
#.####.........#.
####+####...........
####......##.........#.
#.........###'#########
#.........###.####..<.#
+....w@..........+.....
#...#########.####..... #.
#########.########.
#.......#.#...# #.
#.......#.#...# ##
#.......#.#...#
#.......#.#...#####
...#####...)...#.#........
#......'...))รท............


You could see a worm.

Vanquished Creatures
  3 gnolls
  3 adders (D:2)
  2 oozes
  4 dart slugs
  2 giant cockroaches (D:1)
  8 goblins
  4 hobgoblins
  2 jackals (D:1)
  2 quokkas (D:2)
  A ball python (D:2)
  4 bats
  4 frilled lizards
  6 kobolds
  7 rats
52 creatures vanquished.

Notes
Turn   | Place    | Note
-------+----------+-------------------------------------------
     0 | Abyss:1  | KarmaPolice the Demonspawn Abyssal Knight began the quest for the Orb.
     0 | Abyss:1  | Reached XP level 1. HP: 18/18 MP: 2/2
    65 | D:1      | Escaped the Abyss
    95 | D:1      | Gained mutation: You sometimes gain a little power by taking damage. [demonic ancestry]
    95 | D:1      | Reached XP level 2. HP: 13/24 MP: 4/4
    96 | D:1      | Reached * piety under Lugonu
   638 | D:1      | Reached XP level 3. HP: 27/29 MP: 5/5
  1188 | D:2      | Reached ** piety under Lugonu
  1499 | D:2      | Gained mutation: You are partially covered in yellow scales. (AC +2) [demonic ancestry]
  1499 | D:2      | Reached XP level 4. HP: 31/37 MP: 6/6
  1801 | D:2      | Found a faded altar of an unknown god.
  2605 | D:2      | Slain by a worm

Vault maps used:
D:1:      arrival_zaba_pyramid
D:2:      chequers_ecumenical_altar_simple_redux, kennysheep_nub,
          minmay_misc_feat_secret_circle, grunt_decor_cap
Abyss:1:  minivault_25

Skill      XL: |  1  2  3  4 |
---------------+-------------+-----
Axes           | 2 |  2.8
Invocations    | 3 4 |  4.1
Fighting       | 4 |  4.2
Armour         | |  1.7
Dodging        | |  0.8

Action                   |  1- 3 |  4- 6 || total
-------------------------+-------+-------++-------
Melee: Hand axe          |   118 |    62 ||   180
Invok: Depart the Abyss  |     1 |       ||     1
 Stab: Distracted        |     1 |       ||     1
  Eat: Chunk             |     2 |     3 ||     5
Armor: Leather armour    |    26 |    13 ||    39
Dodge: Dodged            |    89 |    27 ||   116

Table legend:
 A = Spawn XP
 B = Non-spawn XP
 C = Spawn XP percentage of total XP
 D = Spawn monster count
 E = Non-spawn monster count
 F = Spawn count percentage of total count
 G = Total turns spent on level
                    A         B        C        D         E        F      G
               +---------+---------+-------+---------+---------+-------+---------
         Total |       0 |     172 |   0.0 |       0 |      52 |   0.0 |  2605
               +---------+---------+-------+---------+---------+-------+---------
           D:1 |       0 |      81 |   0.0 |       0 |      27 |   0.0 |  1345
           D:2 |       0 |      91 |   0.0 |       0 |      25 |   0.0 |  1195
               +---------+---------+-------+---------+---------+-------+---------
